 Dungeon Sprint DCSS version 0.21-a0-338-g36cf2fc (webtiles) character file.

6097 Kidiri the Warrior (level 10, -4/108 HPs)
             Began as a Grey Draconian Berserker on Oct 3, 2017.
             Was an Elder of Trog.
             Slain by a hell hog (16 damage)
             ... in the Dungeon (Sprint VII: "The Pits").
             The game lasted 00:06:25 (1227 turns).

Kidiri the Warrior (Grey Draconian Berserker)       Turns: 1227, Time: 00:06:25

Health: -4/108     AC: 12    Str: 23    XL:     10   Next: 58%
Magic:  10/10      EV: 18    Int:  8    God:    Trog [****..]
Gold:   0          SH:  0    Dex: 15    Spells: 9/9 levels left

rFire    + . .     SeeInvis .   a - +10 broad axe "Dedurch" {freeze, Dex+4}
rCold    . . .     Gourm    .   (no shield)
rNeg     . . .     Faith    .   (armour unavailable)
rPois    .         Spirit   .   (helmet restricted)
rElec    .         Reflect  .   (no cloak)
rCorr    .         Harm     .   (no gloves)
MR       .....     NoTele   +   (no boots)
Stlth    +.........             (no amulet)
HPRegen  0.28/turn              t - +3 ring of strength
MPRegen  0.12/turn              u - +3 ring of evasion

@: berserk cooldown, starving
A: walk through water, unfitting armour, horns 1, fire resistance 1, mutation
resistance 1, weak 1, unbreathing, cold-blooded, AC +12
a: Berserk, Trog's Hand, Brothers in Arms, Burn Spellbooks, Renounce Religion


You were in the Dungeon.
You worshipped Trog.
Trog was greatly pleased with you.
You were starving.

You visited 1 branch

Inventory:

Hand Weapons
 a - the +10 broad axe "Dedurch" (weapon) {freeze, Dex+4}
   (Trog gifted it to you in the Dungeon)

   It has been specially enchanted to freeze those struck by it, causing extra
   injury to most foes and up to half again as much damage against particularly
   susceptible opponents.
   It can also slow down cold-blooded creatures.
   It affects your dexterity (+4).
 s - a +5 blowgun
Missiles
 i - 12 exploding tomahawks
 o - 5 needles of paralysis
 p - 11 javelins of penetration (quivered)
 q - 6 curare-tipped needles
Jewellery
 t - a +3 ring of strength (left hand)
 u - a +3 ring of evasion (right hand)
Scrolls
 h - a scroll of blinking
 k - 3 scrolls of remove curse
 l - a scroll of summoning
Potions
 c - 8 potions of curing
 d - 8 potions of heal wounds
 e - 2 potions of haste
 f - 4 potions of magic
 g - 3 potions of berserk rage
 j - 2 potions of invisibility
 r - 3 potions of brilliance
Comestibles
 b - 8 bread rations
 m - 30 fruits
 n - 7 meat rations
 v - 13 chunks of flesh


   Skills:
 * Level 16.6 Fighting
 * Level 15.4 Axes
 + Level 10.4 Throwing
 - Level 5.1 Dodging


You had 9 spell levels left.
You didn't know any spells.

Dungeon Overview and Level Annotations

Branches:
Dungeon (1/1)

Altars:
Ashenzari
Cheibriados
Dithmenos
Elyvilon
Fedhas
Gozag
Hepliaklqana
Kikubaaqudgha
Makhleb
Nemelex Xobeh
Okawaru
Qazlal
Ru
Sif Muna
Trog
Uskayaw
Vehumet
Wu Jian
Xom
Yredelemnul
Zin
The Shining One
Beogh
Jiyva
Lugonu


Innate Abilities, Weirdness & Mutations

You can walk through water.
Your dull iron-grey scales are very hard. (AC +12)
You cannot fit into any form of body armour.
You can survive without breathing.
You are cold-blooded and may be slowed by cold attacks.
You have a pair of small horns on your head.
Your flesh is heat resistant. (rF+)
You are somewhat resistant to further mutation.
You are weak. (Str -2)


Message History

The hell hog barely misses you.
Your ogre barely misses the hell hog.
Unknown command.
You slash the hell hog! You freeze the hell hog.
Your tail-slap misses the hell hog.
The hell hog is severely wounded.
You slice the hell hog!! You freeze the hell hog!
You kill the hell hog!
Trog accepts your kill.
You barely miss the hell hog.
You feel sick.
You are no longer poisoned.
The hell hog bites you!
* * * LOW HITPOINT WARNING * * *
The hell hog bites you but does no damage.
The hell hog bites you.
* * * LOW HITPOINT WARNING * * *
You slash the hell hog! You freeze the hell hog.
You kill the hell hog!
Trog accepts your kill.
You barely miss the hell hog. The hell hog bites you!
You die...

#..#......# ..........+
..........+ #..#......#
..........# ###''######
.##''# ######## ####
.##..# ##.(....###...##
.##..###..#+#..O@h....#
.##))##..##.##..†..#...#
.##..##.##...##...## #
.##..####.....##.##
.##...##......#...#
###....'[.....+.).+
###...##......#...#
[##..####.....##.##
[##..##.##...##...## #


You could see a hell hog and a friendly ogre (berserk).

Vanquished Creatures
  2 hell hogs (D)
  A sea snake (D)
  An orange demon (D)
  A kobold demonologist (D)
  An efreet (D)
  A guardian mummy (D)
  2 hornets (D)
  A troll (D)
  A shadow (D)
  4 yaks (D)
  Menkaure (D)
  A warg (D)
  An eye of draining (D)
  A gnoll sergeant (D)
  A scorpion (D)
  A quasit (D)
  2 hounds (D)
  An iron imp (D)
  A jelly (D)
  2 iguanas (D)
  3 worker ants (D)
  A hell rat (D)
  A gnoll (D)
  An adder (D)
  An ufetubus (D)
  An ooze (D)
  A ball python (D)
  2 bat skeletons (D)
  3 kobolds (D)
  A quokka (D)
42 creatures vanquished.

Vanquished Creatures (collateral kills)
  Sonja (D)
  A sea snake (D)
  A wizard (D)
  A cyclops (D)
  A hippogriff (D)
  A spriggan (D)
  Grum (D)
  An acid dragon (D)
  3 wolves (D)
  A hound (D)
  A white imp (D)
  A kobold (D)
14 creatures vanquished.

Grand Total: 56 creatures vanquished

Notes
Turn   | Place    | Note
-------+----------+-------------------------------------------
     0 | D        | Kidiri the Draconian Berserker began the quest for the Orb.
     0 | D        | Reached XP level 1. HP: 19/19 MP: 1/1
    51 | D        | Found a bloodstained altar of Trog.
    51 | D        | Found a deep blue altar of Sif Muna.
    51 | D        | Found a viscous altar of Jiyva.
    51 | D        | Found a hazy altar of Hepliaklqana.
    51 | D        | Found an opulent altar of Gozag.
    52 | D        | Found a glowing golden altar of the Shining One.
    52 | D        | Found a glowing silver altar of Zin.
    52 | D        | Found a basalt altar of Yredelemnul.
    52 | D        | Found a shimmering altar of Xom.
    52 | D        | Found an ornate altar of the Wu Jian Council.
    52 | D        | Found a sacrificial altar of Ru.
    52 | D        | Found a stormy altar of Qazlal.
    52 | D        | Found an iron altar of Okawaru.
    52 | D        | Found a sparkling altar of Nemelex Xobeh.
    52 | D        | Found a burning altar of Makhleb.
    52 | D        | Found a blossoming altar of Fedhas.
    52 | D        | Found a white marble altar of Elyvilon.
    52 | D        | Found a shadowy altar of Dithmenos.
    52 | D        | Found a snail-covered altar of Cheibriados.
    54 | D        | Found a radiant altar of Vehumet.
    54 | D        | Found a corrupted altar of Lugonu.
    54 | D        | Found a roughly hewn altar of Beogh.
    55 | D        | Found a hide-covered altar of Uskayaw.
    55 | D        | Found an ancient bone altar of Kikubaaqudgha.
    55 | D        | Found a shattered altar of Ashenzari.
    70 | D        | Reached ** piety under Trog
    70 | D        | Reached skill level 4 in Fighting
    70 | D        | Reached skill level 1 in Throwing
    70 | D        | Reached XP level 2. HP: 25/27 MP: 2/2
    93 | D        | Reached skill level 5 in Fighting
    93 | D        | Reached XP level 3. HP: 21/36 MP: 3/3
   398 | D        | Reached skill level 5 in Axes
   402 | D        | Reached *** piety under Trog
   402 | D        | Reached XP level 4. HP: 44/44 MP: 4/4
   404 | D        | Reached skill level 6 in Fighting
   404 | D        | Reached skill level 5 in Dodging
   518 | D        | Reached **** piety under Trog
   518 | D        | Reached XP level 5. HP: 51/51 MP: 5/5
   523 | D        | Reached skill level 7 in Fighting
   524 | D        | Reached skill level 8 in Fighting
   539 | D        | Reached ***** piety under Trog
   650 | D        | Reached skill level 9 in Fighting
   650 | D        | Reached XP level 6. HP: 63/63 MP: 6/6
   652 | D        | Noticed an acid dragon
   655 | D        | Killed an acid dragon
   655 | D        | Reached skill level 5 in Throwing
   692 | D        | Noticed Menkaure
   692 | D        | Noticed a warg
   701 | D        | Killed a warg
   701 | D        | Reached skill level 10 in Fighting
   705 | D        | Killed Menkaure
   705 | D        | Received a gift from Trog
   705 | D        | Reached skill level 10 in Axes
   705 | D        | Your scales start taking on a dull iron-grey colour.
   705 | D        | Reached XP level 7. HP: 73/73 MP: 7/7
   705 | D        | Gained mutation: You can survive without breathing. [Grey Draconian growth]
   824 | D        | Noticed Sonja
   824 | D        | Noticed an efreet
   826 | D        | Received a gift from Trog
   830 | D        | Killed an efreet
   830 | D        | Reached skill level 11 in Fighting
   830 | D        | Killed Sonja
   830 | D        | Reached skill level 12 in Fighting
   830 | D        | Reached XP level 8. HP: 83/83 MP: 8/8
   884 | D        | Gained mutation: Your flesh is heat resistant. (rF+) [potion of mutation]
   884 | D        | Gained mutation: You are weak. (Str -2) [potion of mutation]
   884 | D        | Gained mutation: You have a pair of small horns on your head. [potion of mutation]
   884 | D        | Gained mutation: You are somewhat resistant to further mutation. [potion of mutation]
   960 | D        | Received a gift from Trog
   990 | D        | Noticed a kobold demonologist
   990 | D        | Noticed a hornet
   990 | D        | Noticed a troll
   990 | D        | Noticed a guardian mummy
  1010 | D        | Noticed an ice devil
  1010 | D        | Killed a hornet
  1010 | D        | Received a gift from Trog
  1010 | D        | Reached skill level 13 in Fighting
  1016 | D        | Killed a guardian mummy
  1016 | D        | Reached XP level 9. HP: 92/92 MP: 9/9
  1021 | D        | Received a gift from Trog
  1026 | D        | Killed a kobold demonologist
  1026 | D        | Reached skill level 14 in Fighting
  1032 | D        | Killed a troll
  1044 | D        | Got a translucent broad axe {god gift}
  1045 | D        | Identified the +10 broad axe "Dedurch" {freeze, Dex+4} (Trog gifted it to you in the Dungeon)
  1099 | D        | Noticed an orange demon
  1102 | D        | Killed an orange demon
  1106 | D        | Received a gift from Trog
  1106 | D        | Reached skill level 15 in Fighting
  1108 | D        | Received a gift from Trog
  1109 | D        | Noticed a wizard
  1109 | D        | Noticed Grum
  1119 | D        | Killed a wizard
  1120 | D        | Killed Grum
  1120 | D        | Reached XP level 10. HP: 78/106 MP: 10/10
  1121 | D        | Received a gift from Trog
  1185 | D        | Noticed a sea snake
  1192 | D        | Killed a sea snake
  1192 | D        | Received a gift from Trog
  1201 | D        | Noticed a sea snake
  1202 | D        | Noticed a cyclops
  1205 | D        | Killed a sea snake
  1205 | D        | Reached skill level 16 in Fighting
  1205 | D        | Reached skill level 10 in Throwing
  1206 | D        | Killed a cyclops
  1206 | D        | Reached skill level 15 in Axes
  1218 | D        | Noticed a hell hog
  1219 | D        | Noticed a hell hog
  1219 | D        | Noticed a hell hog
  1223 | D        | HP: 4/107 [hell hog (12)]
  1226 | D        | Killed a hell hog
  1227 | D        | Killed a hell hog
  1227 | D        | Slain by a hell hog

Vault maps used:
D:        pitsprint

Skill      XL: |  1  2  3  4  5  6  7  8  9 10 |
---------------+-------------------------------+-----
Dodging        | 3 4 5 |  5.1
Fighting       | 4 5 6 9 10 12 13 15 16 | 16.6
Throwing       | 1 2 3 4 6 7 8 9 10 | 10.4
Axes           | 4 5 6 8 10 11 12 14 15 | 15.4

Action                   |  1- 3 |  4- 6 |  7- 9 | 10-12 || total
-------------------------+-------+-------+-------+-------++-------
Melee: Hand axe          |    16 |    37 |     7 |       ||    60
       Tailslap          |     3 |     6 |    10 |     1 ||    20
       War axe           |       |       |    26 |       ||    26
       Headbutt          |       |       |     9 |     3 ||    12
       Broad axe         |       |       |    10 |     9 ||    19
Invok: Berserk           |     2 |     3 |     4 |     1 ||    10
       Brothers in Arms  |       |     1 |     3 |     3 ||     7
       Trog's Hand       |       |       |     2 |       ||     2
  Use: Potion            |       |       |     2 |     2 ||     4
  Eat: Fruit             |       |    10 |       |       ||    10
       Chunk             |       |       |     1 |     3 ||     4
Armor: Skin              |     6 |    25 |    10 |     3 ||    44
Dodge: Dodged            |    16 |    42 |    35 |     7 ||   100

Table legend:
 A = Spawn XP
 B = Non-spawn XP
 C = Spawn XP percentage of total XP
 D = Spawn monster count
 E = Non-spawn monster count
 F = Spawn count percentage of total count
 G = Total turns spent on level
                    A         B        C        D         E        F      G
               +---------+---------+-------+---------+---------+-------+---------
         Total |       0 |    8710 |   0.0 |       0 |      56 |   0.0 |  1227
               +---------+---------+-------+---------+---------+-------+---------
             D |       0 |    8710 |   0.0 |       0 |      56 |   0.0 |  1227
               +---------+---------+-------+---------+---------+-------+---------
